 Dungeon Crawl Stone Soup version 0.28-a0-915-gcd63401287 (webtiles) character file.

Game seed: 3249227739076949670

53 mcbry74 the Scratcher (level 3, -2/15 HPs)
             Began as a Felid Transmuter on Nov 25, 2021.
             Slain by a worm (10 damage)
             ... on level 3 of the Dungeon.
             The game lasted 00:04:54 (1736 turns).

mcbry74 the Scratcher (Felid Transmuter)            Turns: 1736, Time: 00:04:54

Health: -2/15      AC:  1    Str:  6    XL:     3   Next: 62%
Magic:  7/7        EV: 17    Int: 15    God:
Gold:   57         SH:  0    Dex: 16    Spells: 5/6 levels left
                                        Lives:  0   Deaths: 0

rFire   . . .      SeeInvis +     - Unarmed
rCold   . . .      Faith    .   (shield unavailable)
rNeg    . . .      Spirit   .   (armour unavailable)
rPois   .          Reflect  .   (helmet unavailable)
rElec   .          Harm     .   (cloak unavailable)
rCorr   .          Rampage  .   (gloves unavailable)
Will    .....                   (boots unavailable)
Stlth   +.........              (no amulet)
HPRegen 0.05/turn               (no ring)
MPRegen 0.10/turn               (no ring)

@: quick
A: very small, claws 1, fangs 3, see invisible, speed 1, shaggy fur 1, stealthy
paws, no weapons or thrown items, no armour, multi-lived
a: no special abilities


You were on level 3 of the Dungeon.
You visited 1 branch of the dungeon, and saw 3 of its levels.

You collected 57 gold pieces.

Inventory:

Jewellery
 d - an amulet of guardian spirit
Scrolls
 c - a scroll of brand weapon {unknown}
Potions
 a - 3 potions of resistance {unknown}
 b - a potion of attraction {unknown}
 e - a potion of curing {unknown}


   Skills:
 - Level 1.0 Fighting
 - Level 2.6 Dodging
 + Level 4.7 Unarmed Combat
 - Level 2.0 Spellcasting
 - Level 2.1 Transmutations


You had 5 spell levels left.
You knew the following spells:

 Your Spells              Type           Power      Damage    Failure   Level
a - Beastly Appendage     Tmut           16%        N/A       9%          1

Your spell library contained the following spells:

 Spells                   Type           Power      Damage    Failure   Level
 Wereblood                Tmut           8%         N/A       14%         2
 Magic Dart               Conj           4%         1d3       22%         1
 Call Imp                 Summ           1%         N/A       32%         2
 Spider Form              Tmut/Pois      4%         N/A       38%         3
 Mephitic Cloud           Conj/Pois/Air  1%         N/A       54%         3
 Ice Form                 Ice/Tmut       4%         N/A       80%         4


Dungeon Overview and Level Annotations

Branches:
Dungeon (3/15)

Altars:


Innate Abilities, Weirdness & Mutations

You have sharp claws.
You have razor-sharp teeth.
You have supernaturally acute eyesight. (SInv)
You cover ground quickly. (Speed+)
You are covered in fur. (AC +1)
Your paws help you pounce on unaware monsters.
You are incapable of wielding weapons or throwing items.
You cannot wear armour.
You gain extra lives every three experience levels.


Message History

You kill the rat!
Found a stone staircase leading down.
There is a stone staircase leading down here.
A giant cockroach comes into view.
Found a stone staircase leading down.
You barely miss the giant cockroach.
The giant cockroach bites you but does no damage.
You barely miss the giant cockroach.
The giant cockroach completely misses you.
You scratch the giant cockroach but do no damage.
The giant cockroach closely misses you.
The giant cockroach bites you but does no damage.
You scratch the giant cockroach.
You kill the giant cockroach!
A worm comes into view.
A worm comes into view.
A ball python comes into view.
You scratch the worm.
The worm is moderately wounded.
You completely miss the worm. Your bite misses the worm.
You barely miss the worm. You scratch the worm.
The worm is lightly wounded.
You scratch the worm.
The worm is lightly wounded.
You scratch the worm. You bite the worm.
The worm is heavily wounded.
You claw the worm!
The worm is almost dead.
The worm bites you!
There is a stone staircase leading down here.
You claw the worm!
You kill the worm!
You claw the worm!
The worm is heavily wounded.
You scratch the worm but do no damage.
The worm is moderately wounded.
The worm bites you!
Ouch! That really hurt!
You die...

###.##.# #..##..# ...>
#.####.....####
#..##...######....#
#..<# #.# ##.#.#
#.#.###.### #.#...
#.....†...# #.####..#
#......##.#####.†..#..#
#..<.).##......w........
#......####....@..##.##.
#......# #.......# #
#......# #.........#
#......# #.......###
######## #.......#
#.......# #.......#
#.......#


You could see a worm.

Vanquished Creatures
  2 adders (D:2)
  A worm (D:3)
  A dart slug (D:2)
  A bat (D:2)
  2 endoplasms (D:2)
  A giant cockroach (D:3)
  3 goblins (D:2)
  6 jackals
  3 kobolds (D:2)
  A quokka (D:2)
  A ball python (D:2)
  A frilled lizard (D:2)
  5 rats
28 creatures vanquished.

Notes
Turn   | Place    | Note
-------+----------+-------------------------------------------
     0 | D:1      | mcbry74 the Felid Transmuter began the quest for the Orb.
     0 | D:1      | Reached XP level 1. HP: 9/9 MP: 4/4
   163 | D:1      | You fall into a shaft and drop 1 floor!
   197 | D:2      | Reached XP level 2. HP: 9/12 MP: 4/6
   276 | D:2      | Reached skill level 4 in Unarmed Combat
   608 | D:2      | Reached XP level 3. HP: 15/15 MP: 7/7
  1736 | D:3      | Slain by a worm

Illustrated notes

Levels and vault maps discovered:
D:1:      scummos_arrival_checkerplants, layout_basic,
          shapermc_ecumenical_altar_mp_highgroup
D:2:      layout_basic, minivault_24, kennysheep_crisscross,
          kennysheep_generic_room_14
D:3:      layout_rooms

Skill      XL: |  1  2 |
---------------+-------+-----
Unarmed Combat | 4 |  4.7
Fighting       | |  1.0
Dodging        | |  2.6
Spellcasting   | |  2.0
Transmutations | |  2.1

Action                   || total
-------------------------++-------
Melee: Unarmed           ||    89
       Headbutt          ||     1
       Punch             ||     1
       Bite              ||     2
 Cast: Beastly Appendage ||     1
 Stab: Sleeping          ||     2
Armor: Skin              ||     4
Dodge: Dodged            ||    56

Table legend: (Time is in decaauts)
 A = Elapsed time spent in this place.
 B = Non-inter-level travel time spent in this place.
 C = Inter-level travel time spent in this place.
 D = Time resting spent in this place.
 E = Time spent auto-exploring this place.
 F = Levels seen in this place.
 G = Mean time per level.
                   A        B        C        D        E       F      G
               +--------+--------+--------+--------+--------+-----+--------+
         Total |   1527 |   1493 |     34 |    502 |    715 |   3 |  509.0 |
       Dungeon |   1527 |   1493 |     34 |    502 |    715 |   3 |  509.0 |
               +--------+--------+--------+--------+--------+-----+--------+

Top non-repeatable levels by time:
     D:2: 1305 daAuts
     D:1: 147 daAuts
     D:3: 73 daAuts
